AoeStats
← Shields10

Arabian Desert

510173910Analyzed
1v1 RM · 1d ago on Sep 29, 2026· 56m 34s· 2 players
Game mode
Random Map
Map size
Tiny (2 player)
Population
200
Speed
Normal
Resources
Standard
Victory
Conquest
Starting age
Dark Age
Ending age
Imperial Age
RankedLock teamsTeams togetherTeam positionsShared explorationLock speedFull tech treeHidden civsTurbo modeCheats
Victory
Defeat
🇺🇦 Britons · Ukraine
1018
+17
🇦🇺 Mongols · Australia
1032
-17
dark_berserk
6:39 Loom
11:01 Feudal Age
18:29 Wheelbarrow
17:48 Gold Mining
29:06 Castle Age
29:02 Fletching
29:12 Padded Archer Armor
30:17 Bodkin Arrow
33:56 Leather Archer Armor
37:26 Forging
38:36 Horse Collar
42:23 Heavy Plow
42:14 Double-Bit Axe
44:41 Ballistics
47:39 Imperial Age
45:04 Pikeman
46:13 Bow Saw
46:22 Murder Holes
48:13 Hand Cart
48:34 Yeomen
48:30 Warwolf
49:25 Bracer
50:10 Gold Shaft Mining
50:59 Elite Longbowman
53:10 Hoardings
54:02 Yeomen
55:22 Chemistry
55:53 Iron Casting
55:19 Scale Mail Armor
Shields10
6:49 Loom
9:25 Feudal Age
19:31 Double-Bit Axe
22:40 Fletching
30:34 Padded Archer Armor
33:56 Castle Age
34:07 Scale Barding Armor
34:13 Forging
34:19 Bloodlines
36:29 Chain Barding Armor
36:30 Husbandry
39:27 Iron Casting
50:21 Imperial Age
48:18 Light Cavalry
56:09 Blast Furnace
Connection lost

Rejoining the realm…

Still unreachable

The connection could not be restored.

Session expired

The server has moved on; the page needs a fresh start.